[Event "Titled Tuesday Blitz June 13 Early 2023"]
[White "Fieberg, Samuel"]
[Black "Karthik Rajaa"]
[WhiteFideId "12901717"]
[BlackFideId "25035215"]
[WhiteElo "2553"]
[BlackElo "2215"]
[Result "1-0"]
[Round "5"]
[TimeControl "180+2"]
[Date "2023.06.13"]
[WhiteClock "0:00:15"]
[BlackClock "0:00:00"]
[Board "69"]

1. e4 c6 2. Nf3 d5 3. exd5 cxd5 4. d4 Nf6 5. Ne5 Nfd7 6. Bd3 Nxe5 7. dxe5 Nc6 8. Bf4 Qb6 9. Nc3 e6 10. O-O a6 11. Rb1 g6 12. h4 Bg7 13. Re1 O-O 14. h5 Qd4 15. Ne2 Qa4 16. b3 Qa5 17. Ng3 Nb4 18. Bg5 Qc7 19. Bf6 Bxf6 20. exf6 Qf4 21. Qf3 Qxf3 22. gxf3 Bd7 23. a3 Nxd3 24. cxd3 Rfc8 25. Rbc1 a5 26. f4 Kf8 27. h6 Bb5 28. d4 Bd3 29. f3 Bc2 30. Re3 a4 31. b4 Bb3 32. Rec3 Rc4 33. Ne2 Rac8 34. Kf2 Ke8 35. Ke3 Kd7 36. Kd2 Kc6 37. Kd3 Kb5 38. Ng1 Rxc3+ 39. Rxc3 Rxc3+ 40. Kxc3 Bd1 41. Nh3 1-0


[Site "https://www.chess.com"]

[Event "Titled Tuesday Blitz June 13 Early 2023"]
[White "gau_npukyputb"]
[Black "Jaskolka, Tomasz"]
[BlackFideId "1170791"]
[WhiteElo "2725"]
[BlackElo "2155"]
[Result "0-1"]
[Round "5"]
[TimeControl "180+2"]
[Date "2023.06.13"]
[WhiteClock "0:00:36"]
[BlackClock "0:00:05"]
[Board "70"]

1. f4 d5 2. Nf3 Nf6 3. d3 c6 4. Nc3 g6 5. e4 dxe4 6. Nxe4 Nxe4 7. dxe4 Qxd1+ 8. Kxd1 Bg7 9. c3 Nd7 10. Bd3 Nc5 11. Bc2 Bg4 12. h3 Bxf3+ 13. gxf3 O-O-O+ 14. Ke2 Ne6 15. f5 gxf5 16. exf5 Nc5 17. Be3 b6 18. a4 Bf6 19. a5 Kb7 20. Ra2 Nd7 21. axb6 axb6 22. Rha1 Ra8 23. Rxa8 Rxa8 24. Rxa8 Kxa8 25. Bb3 Kb7 26. Bxf7 Ne5 27. Bg8 h5 28. f4 Nd7 29. Bf7 h4 30. Kf3 Nc5 31. Kg4 Nd3 32. b3 c5 33. Bd5+ Kc7 34. Be4 Nb2 35. Bf2 Nd1 36. Bxh4 Nxc3 37. Bf3 Bxh4 38. Kxh4 b5 39. Kg5 b4 40. Bg2 c4 41. Bf1 cxb3 42. Bd3 b2 43. h4 b1=Q 44. Bxb1 Nxb1 45. h5 Nc3 46. h6 Ne4+ 47. Kg6 Nf6 48. Kf7 b3 49. Kxe7 Ng8+ 50. Kf8 Nxh6 51. Kg7 Nxf5+ 0-1


[Site "https://www.chess.com"]

[Event "Titled Tuesday Blitz June 13 Early 2023"]
[White "Liyanage, Ranindu Dilshan"]
[Black "Mamedov, Edgar"]
[WhiteFideId "9915834"]
[BlackFideId "13739980"]
[WhiteElo "2216"]
[BlackElo "2317"]
[Result "1-0"]
[Round "5"]
[TimeControl "180+2"]
[Date "2023.06.13"]
[WhiteClock "0:00:05"]
[BlackClock "0:00:07"]
[Board "71"]

1. d4 d5 2. c4 e6 3. Nf3 Nf6 4. g3 Bb4+ 5. Bd2 Be7 6. Bg2 O-O 7. Qc2 c6 8. O-O Nbd7 9. Rc1 a5 10. Nc3 dxc4 11. a4 Nd5 12. e4 Nb4 13. Qb1 e5 14. Be3 exd4 15. Bxd4 Bc5 16. Rd1 Qe7 17. Bf1 Bxd4 18. Nxd4 Ne5 19. b3 Bg4 20. Be2 Bxe2 21. Ncxe2 Rad8 22. bxc4 Nxc4 23. Qb3 Ne5 24. Nf5 Qe6 25. Qc3 f6 26. Nf4 Qf7 27. Nd6 Qe7 28. Qb3+ Kh8 29. Nf5 Qf7 30. Qxf7 Nxf7 31. Ne6 Rxd1+ 32. Rxd1 Re8 33. Nfxg7 Re7 34. f4 b5 35. e5 f5 36. axb5 cxb5 37. Rc1 h6 38. Rc8+ Kh7 39. g4 a4 40. gxf5 Nxe5 41. fxe5 a3 42. f6 Rf7 43. Ra8 a2 44. Nd8 Rd7 45. Nge6 Rd1+ 46. Kf2 Kg6 47. f7 Rxd8 48. Nxd8 Kg7 49. e6 1-0


[Site "https://www.chess.com"]

[Event "Titled Tuesday Blitz June 13 Early 2023"]
[White "Rastbod, Ali"]
[Black "Aloma Vidal, Robert"]
[WhiteFideId "12567477"]
[BlackFideId "2260409"]
[WhiteElo "2281"]
[BlackElo "2435"]
[Result "1-0"]
[Round "5"]
[TimeControl "180+2"]
[Date "2023.06.13"]
[WhiteClock "0:00:35"]
[BlackClock "0:00:14"]
[Board "72"]

1. c4 c6 2. d4 d5 3. Nf3 f6 4. Nc3 f5 5. cxd5 cxd5 6. Bf4 e6 7. e3 Nf6 8. Bb5+ Bd7 9. O-O Nc6 10. Rc1 Be7 11. Bxc6 Bxc6 12. Ne5 Rc8 13. Nxc6 Rxc6 14. Qa4 a6 15. Ne2 Qd7 16. Rxc6 Qxc6 17. Qxc6+ bxc6 18. Rc1 Kd7 19. Nc3 Ne4 20. Na4 g5 21. Nb6+ Ke8 22. Be5 Rg8 23. Rxc6 Kf7 24. Rc7 Ke8 25. Ra7 f4 26. exf4 gxf4 27. Bxf4 Rg4 28. g3 Rg6 29. Rxa6 Bf6 30. Be3 h5 31. Ra8+ Ke7 32. Ra7+ Ke8 33. Nd7 Be7 34. Ne5 Rg7 35. Ra8+ Bd8 36. Nc6 Rd7 37. f3 Nd6 38. Bg5 Nf7 39. Bxd8 Nxd8 40. Rxd8+ Rxd8 41. Nxd8 Kxd8 42. f4 Kc7 43. h3 Kc6 44. g4 Kb5 45. gxh5 Kc4 46. h6 Kxd4 47. h7 Kd3 48. h8=Q Kc2 49. Qd4 Kb1 50. a3 Ka1 51. Qe5 d4 52. Qxe6 d3 53. Qe1+ Ka2 54. Qd2 Ka1 55. Qxd3 1-0


[Site "https://www.chess.com"]

[Event "Titled Tuesday Blitz June 13 Early 2023"]
[White "Perera Alfonso, Rene Humberto"]
[Black "Wagner, Dennis"]
[WhiteFideId "3514722"]
[BlackFideId "24650684"]
[WhiteElo "2313"]
[BlackElo "2478"]
[Result "1/2-1/2"]
[Round "5"]
[TimeControl "180+2"]
[Date "2023.06.13"]
[WhiteClock "0:00:42"]
[BlackClock "0:00:02"]
[Board "73"]

1. e4 c5 2. Nf3 Nc6 3. d4 cxd4 4. Nxd4 Nf6 5. Nc3 e5 6. Ndb5 d6 7. Bg5 a6 8. Na3 b5 9. Nd5 Be7 10. Bxf6 Bxf6 11. c4 b4 12. Nc2 O-O 13. g3 a5 14. Bg2 Be6 15. O-O Bg5 16. f4 exf4 17. gxf4 Bh6 18. Nce3 Rc8 19. b3 Kh8 20. Nf5 Bxf5 21. exf5 Ne7 22. Qh5 Nxd5 23. Bxd5 Qf6 24. Rae1 Rc7 25. Re4 Re7 26. Rfe1 Rxe4 27. Rxe4 Qa1+ 28. Kg2 Qb2+ 29. Kf3 Qf6 30. h3 Kg8 31. Kg4 Kh8 32. Kf3 Kg8 33. Re3 Kh8 34. Kg2 Kg8 35. Kf3 Kh8 36. Re4 1/2-1/2


[Site "https://www.chess.com"]

[Event "Titled Tuesday Blitz June 13 Early 2023"]
[White "Turayev, Shahruh"]
[Black "feuervogel1000000"]
[WhiteFideId "14003856"]
[WhiteElo "2113"]
[BlackElo "2513"]
[Result "1-0"]
[Round "5"]
[TimeControl "180+2"]
[Date "2023.06.13"]
[WhiteClock "0:00:35"]
[BlackClock "0:00:39"]
[Board "74"]

1. e4 c5 2. Nc3 Nc6 3. Bb5 Nd4 4. Bc4 g6 5. Nge2 Bg7 6. Nxd4 cxd4 7. Qf3 e6 8. Nb5 d6 9. Qg3 e5 10. Qa3 Bf8 11. Qb3 Qe7 12. O-O Nf6 13. d3 a6 14. Qa4 Kd8 15. Na3 Qd7 16. Qb3 Ke8 17. f4 Be7 18. fxe5 dxe5 19. Bg5 Qd6 20. Bxf7+ Kd8 21. Nc4 Qc6 22. Nxe5 Qd6 23. Nc4 Qc6 24. e5 Nd5 25. Bxd5 Qxd5 26. Bxe7+ Kxe7 27. Qa3+ Kd8 28. Nb6 Qxe5 29. Rae1 Qc7 30. Rf8+ 1-0


[Site "https://www.chess.com"]

[Event "Titled Tuesday Blitz June 13 Early 2023"]
[White "Tristan, Leonardo"]
[Black "Yelisieiev, Yevhenii"]
[WhiteFideId "113816"]
[BlackFideId "14139642"]
[WhiteElo "2461"]
[BlackElo "2403"]
[Result "1-0"]
[Round "5"]
[TimeControl "180+2"]
[Date "2023.06.13"]
[WhiteClock "0:00:11"]
[BlackClock "0:00:00"]
[Board "75"]

1. d4 d6 2. e4 Nf6 3. Nc3 e5 4. Nf3 Nbd7 5. Bc4 Be7 6. O-O O-O 7. Re1 c6 8. a4 a5 9. Ba2 exd4 10. Nxd4 Nc5 11. h3 Qb6 12. Nb3 Nxb3 13. Bxb3 Be6 14. Be3 Qc7 15. Bxe6 fxe6 16. e5 dxe5 17. Qe2 Nd5 18. Ne4 Rad8 19. Qc4 Kh8 20. c3 Nxe3 21. Rxe3 Rd5 22. Rae1 Bf6 23. Nc5 Qe7 24. Nd3 Qd6 25. b4 axb4 26. cxb4 Rd8 27. Nc5 Qe7 28. Qg4 R8d6 29. a5 Rd4 30. Re4 Rxe4 31. Rxe4 Rd4 32. f3 Rxe4 33. fxe4 Bg5 34. Nxe6 Be3+ 35. Kh2 h6 36. Qf5 Bg5 37. Qxe5 Bf6 38. Qf5 Qxb4 39. Nf4 Qd6 40. g3 Be5 41. Qxe5 Qxe5 42. Ng6+ Kg8 43. Nxe5 Kf8 44. Nxc6 bxc6 45. a6 1-0


[Site "https://www.chess.com"]

[Event "Titled Tuesday Blitz June 13 Early 2023"]
[White "Taboas Rodriguez, Daniel"]
[Black "Ajay Karthikeyan"]
[WhiteFideId "2208466"]
[BlackFideId "35011685"]
[WhiteElo "2365"]
[BlackElo "2321"]
[Result "0-1"]
[Round "5"]
[TimeControl "180+2"]
[Date "2023.06.13"]
[WhiteClock "0:00:00"]
[BlackClock "0:01:51"]
[Board "76"]

1. d4 Nf6 2. Nf3 e6 3. c4 d5 4. Bg5 Be7 5. Nc3 O-O 6. e3 b6 7. Bd3 dxc4 8. Bxc4 Bb7 9. O-O Nbd7 10. Qe2 a6 11. Rfd1 b5 12. Bb3 h6 13. Bf4 c5 14. dxc5 Bxc5 15. Rd2 Qe7 16. Rad1 Rfd8 17. Bc7 Rdc8 18. Bg3 Bb4 19. Bh4 Bxc3 20. Rxd7 Bxf3 21. Qxf3 Qe8 22. Bxf6 Bxf6 23. Qe2 Rd8 24. Rxd8 Rxd8 25. Rxd8 Qxd8 26. g3 Qa5 27. a3 g6 28. Qc2 Kg7 29. Kg2 Qe1 30. Ba2 Qa1 31. b4 Bb2 32. Qb3 h5 33. a4 Bc3 34. axb5 axb5 35. Bb1 h4 36. gxh4 Be5 37. Bd3 Bb8 38. Bxb5 Qe5 39. f4 Qxb5 40. Qc3+ Kg8 41. Qc8+ Kg7 42. Qc3+ e5 0-1


[Site "https://www.chess.com"]

[Event "Titled Tuesday Blitz June 13 Early 2023"]
[White "Ovetchkin, Roman"]
[Black "Kielinkei"]
[WhiteFideId "4119991"]
[WhiteElo "2398"]
[BlackElo "2481"]
[Result "0-1"]
[Round "5"]
[TimeControl "180+2"]
[Date "2023.06.13"]
[WhiteClock "0:00:00"]
[BlackClock "0:00:04"]
[Board "77"]

1. d4 Nf6 2. c4 e6 3. g3 c5 4. d5 exd5 5. cxd5 b5 6. e4 Nxe4 7. Qe2 Qe7 8. Bg2 Nd6 9. Be3 Na6 10. Nc3 Rb8 11. Nh3 Nc4 12. Nxb5 Nxe3 13. fxe3 d6 14. O-O g6 15. Nf2 Bg7 16. Ne4 Be5 17. Rf2 O-O 18. Raf1 f6 19. b3 Bd7 20. Nxa7 Nb4 21. Nc6 Bxc6 22. dxc6 f5 23. Nd2 Rbc8 24. Nc4 Nxc6 25. Rd1 Kg7 26. Qd2 Rfd8 27. Bxc6 Rxc6 28. Qd5 Rcc8 29. Rfd2 Qc7 30. Nxe5 dxe5 31. Qxd8 Rxd8 32. Rxd8 Kh6 33. Kf2 Qa5 34. R8d2 Kg5 35. Rc2 h5 36. Rd5 e4 37. Rdxc5 Qa3 38. Rc6 Qb4 39. Kg2 Qb5 40. h4+ Kh6 41. Rd6 Qb4 42. Rcc6 Qe1 43. Rxg6+ Kh7 44. Rh6+ Kg7 0-1


[Site "https://www.chess.com"]

[Event "Titled Tuesday Blitz June 13 Early 2023"]
[White "Shubenkova, Veronika"]
[Black "Orlov, Georgi"]
[WhiteFideId "44124040"]
[BlackFideId "2011271"]
[WhiteElo "2060"]
[BlackElo "2643"]
[Result "1-0"]
[Round "5"]
[TimeControl "180+2"]
[Date "2023.06.13"]
[WhiteClock "0:00:08"]
[BlackClock "0:00:00"]
[Board "78"]

1. e4 e6 2. d4 b6 3. c4 Bb7 4. Nc3 Bb4 5. Qc2 f5 6. d5 fxe4 7. Qxe4 Nf6 8. Qe2 O-O 9. dxe6 Re8 10. Be3 Rxe6 11. O-O-O Bxc3 12. bxc3 Qe8 13. Qb2 Ng4 14. Bf4 Rf6 15. Bg3 Na6 16. h3 h6 17. hxg4 Qg6 18. Bd3 Qxg4 19. Rh4 Qg5+ 20. Qd2 Qc5 21. Nf3 Raf8 22. Nd4 Qa5 23. Nb3 Qa3+ 24. Qb2 Qe7 25. Qd2 Bxg2 26. Re1 Qf7 27. Bc2 Re8 28. Rxe8+ Qxe8 29. Qd3 Bf3 30. Rf4 Rxf4 31. Bxf4 Qe6 32. Qxf3 Qxc4 33. Nd4 Nc5 34. Bd2 Qxa2 35. Qf5 Qa1+ 36. Bb1 Qa3+ 37. Kd1 Qa4+ 38. Bc2 Qc4 39. Qh7+ Kf8 40. Qh8+ Kf7 41. Qh7 Qf1+ 42. Be1 Qg2 43. f4 Qg4+ 44. Kc1 Qf5 45. Qxf5+ Ke7 46. Qg6 d5 47. Nf5+ Kd7 48. Qxg7+ Kc6 49. Ne7+ Kb5 50. Nxd5 Kc4 51. Qd4+ Kb5 52. Qb4+ Kc6 53. Ne7+ 1-0


[Site "https://www.chess.com"]

[Event "Titled Tuesday Blitz June 13 Early 2023"]
[White "Fiorito, Joaquin"]
[Black "krucki03"]
[WhiteFideId "180173"]
[WhiteElo "2199"]
[BlackElo "2465"]
[Result "0-1"]
[Round "5"]
[TimeControl "180+2"]
[Date "2023.06.13"]
[WhiteClock "0:00:00"]
[BlackClock "0:00:10"]
[Board "79"]

1. d4 Nf6 2. c4 c5 3. d5 b5 4. Qc2 bxc4 5. e4 d6 6. Bxc4 g6 7. Nf3 Bg7 8. O-O O-O 9. Nc3 Nbd7 10. h3 Nb6 11. Be2 a5 12. Bf4 Ne8 13. Rfd1 Nc7 14. e5 Bf5 15. Bd3 Ncxd5 16. Bxf5 Nxf4 17. Qe4 Nh5 18. g4 gxf5 19. Qxf5 e6 20. Qxh5 d5 21. Ne4 Nd7 22. Ng3 Rb8 23. b3 Rb4 24. Rac1 a4 25. Rd3 axb3 26. axb3 Qe7 27. Ng5 h6 28. Nf3 Rfb8 29. Rcc3 Nf8 30. g5 hxg5 31. Nxg5 Ng6 32. Rf3 Rh4 33. Rxf7 Rxh5 34. Rxe7 Rxg5 35. Rxe6 Nf4 36. Rc6 Ne2+ 0-1


[Site "https://www.chess.com"]

[Event "Titled Tuesday Blitz June 13 Early 2023"]
[White "Wadsworth, Matthew J"]
[Black "a-z30"]
[WhiteFideId "415804"]
[WhiteElo "2347"]
[BlackElo "2448"]
[Result "1-0"]
[Round "5"]
[TimeControl "180+2"]
[Date "2023.06.13"]
[WhiteClock "0:00:46"]
[BlackClock "0:00:00"]
[Board "80"]

1. Nf3 d6 2. g3 Nf6 3. Bg2 g6 4. O-O Bg7 5. c4 O-O 6. Nc3 c5 7. d4 Nc6 8. dxc5 dxc5 9. Be3 b6 10. Qxd8 Rxd8 11. Ne5 Nxe5 12. Bxa8 Nxc4 13. Bc1 Bh3 14. Bg2 Bxg2 15. Kxg2 Nd5 16. Nxd5 Rxd5 17. Rb1 b5 18. b3 Nd6 19. Bb2 Bxb2 20. Rxb2 b4 21. Rbb1 Rd2 22. Rfd1 Rxa2 23. Kf1 Ne4 24. Ra1 Rb2 25. Rxa7 Rxb3 26. Rxe7 Nc3 27. Rdd7 Rb1+ 28. Kg2 b3 29. Rxf7 b2 30. Rg7+ Kh8 31. Rxh7+ Kg8 32. Rdg7+ Kf8 33. Rb7 Kg8 34. Rhc7 1-0


[Site "https://www.chess.com"]

[Event "Titled Tuesday Blitz June 13 Early 2023"]
[White "Ingebretsen, Jens E"]
[Black "Sarkar, Justin"]
[WhiteFideId "1522965"]
[BlackFideId "2010011"]
[WhiteElo "2213"]
[BlackElo "2151"]
[Result "1-0"]
[Round "5"]
[TimeControl "180+2"]
[Date "2023.06.13"]
[WhiteClock "0:02:27"]
[BlackClock "0:00:00"]
[Board "81"]

1. Nf3 Nf6 2. g3 c6 3. Bg2 g6 4. O-O Bg7 5. b3 Ne4 6. c3 d5 7. Bb2 O-O 8. d3 Nd6 9. Qd2 e5 10. c4 d4 11. e3 c5 12. b4 e4 13. Ne1 dxe3 14. fxe3 Nxc4 15. dxc4 Qxd2 16. Nxd2 Bxb2 17. Rb1 Bc3 18. Nxe4 Bxb4 19. Nd6 Nc6 20. Bd5 Be6 21. e4 Bxd5 22. cxd5 Nd4 23. Nd3 Ne2+ 24. Kg2 Nc3 25. Rb3 b6 26. a3 Ba5 27. Nc4 Nxe4 28. Rf4 f5 29. Nxa5 bxa5 30. Ne5 1-0


[Site "https://www.chess.com"]

[Event "Titled Tuesday Blitz June 13 Early 2023"]
[White "Rian, Kapriaga"]
[Black "Aditya Mittal"]
[WhiteFideId "7103263"]
[BlackFideId "35042025"]
[WhiteElo "2357"]
[BlackElo "2421"]
[Result "0-1"]
[Round "5"]
[TimeControl "180+2"]
[Date "2023.06.13"]
[WhiteClock "0:00:04"]
[BlackClock "0:00:06"]
[Board "82"]

1. d4 Nf6 2. c4 e6 3. g3 d5 4. Nf3 Bb4+ 5. Bd2 Be7 6. Bg2 O-O 7. O-O c6 8. Qc2 Nbd7 9. Rd1 h6 10. Bf4 Ne4 11. Nfd2 g5 12. Be3 f5 13. Nxe4 fxe4 14. Rf1 Kg7 15. Nd2 Nf6 16. f3 exf3 17. Nxf3 Ng4 18. Bd2 Qe8 19. h3 Nf6 20. Ne5 Bd6 21. c5 Bxe5 22. dxe5 Nd7 23. Rxf8 Nxf8 24. Rf1 Bd7 25. h4 Nh7 26. hxg5 hxg5 27. Qb3 Rb8 28. Qa4 a6 29. Qg4 Qg6 30. Bf3 Rf8 31. Kg2 Qf5 32. Qh5 Be8 33. Qh2 Bg6 34. Rh1 g4 35. Bh6+ Kg8 36. Bxf8 gxf3+ 37. exf3 Qc2+ 38. Kh3 Ng5+ 39. Kg4 Qf5+ 40. Kh4 Nxf3# 0-1


[Site "https://www.chess.com"]

[Event "Titled Tuesday Blitz June 13 Early 2023"]
[White "Ai, Evan"]
[Black "Horvath, Dominik"]
[WhiteFideId "2094770"]
[BlackFideId "1642561"]
[WhiteElo "1963"]
[BlackElo "2407"]
[Result "0-1"]
[Round "5"]
[TimeControl "180+2"]
[Date "2023.06.13"]
[WhiteClock "0:00:33"]
[BlackClock "0:01:56"]
[Board "83"]

1. e4 f5 2. exf5 Kf7 3. Qh5+ g6 4. fxg6+ Kg7 5. gxh7 Rxh7 6. Qg5+ Kh8 7. Bd3 Bh6 8. Qe5+ Rg7 9. b3 d6 10. Qh5 e5 11. Ne2 Bg4 12. Qxg4 Rxg4 13. Ng3 Nc6 14. Bb2 Nb4 15. Bf5 Rf4 16. a3 Rxf5 17. axb4 Rf8 18. Nc3 c6 19. O-O-O a5 20. b5 a4 21. bxa4 cxb5 22. axb5 Rxf2 23. Nge4 Rxg2 24. Kb1 Nf6 25. Nxf6 Qxf6 26. d4 Bg7 27. Nd5 Qf5 28. Ne3 Qf7 29. Nxg2 Qa2+ 30. Kc1 Bh6+ 31. Rd2 Bxd2+ 32. Kxd2 Qxb2 0-1


[Site "https://www.chess.com"]

[Event "Titled Tuesday Blitz June 13 Early 2023"]
[White "Stribuk, Artiom"]
[Black "Cruz Mendez, Jean Marco"]
[WhiteFideId "13515659"]
[BlackFideId "3526402"]
[WhiteElo "2303"]
[BlackElo "2064"]
[Result "1-0"]
[Round "5"]
[TimeControl "180+2"]
[Date "2023.06.13"]
[WhiteClock "0:00:15"]
[BlackClock "0:00:04"]
[Board "84"]

1. d4 Nf6 2. c4 c5 3. d5 e6 4. Nc3 exd5 5. cxd5 d6 6. e4 g6 7. f4 Bg7 8. Bb5+ Nfd7 9. a4 O-O 10. Nf3 Na6 11. O-O Nc7 12. Bd3 Rb8 13. Re1 Re8 14. Be3 a6 15. a5 b5 16. axb6 Nxb6 17. Bf2 Bg4 18. h3 Bxf3 19. Qxf3 Qc8 20. e5 c4 21. Bf1 Nb5 22. e6 Nd4 23. Qd1 Nb3 24. exf7+ Kxf7 25. Rxe8 Kxe8 26. Qe2+ Kf8 27. Re1 Qc7 28. f5 Nd4 29. Bxd4 Bxd4+ 30. Kh1 gxf5 31. Qh5 Qf7 32. Qh6+ Kg8 33. Qxd6 Re8 34. Re6 f4 35. Be2 Kg7 36. Ne4 Nxd5 37. Rxe8 f3 38. Bxf3 Qxe8 39. Qxd5 1-0


[Site "https://www.chess.com"]

[Event "Titled Tuesday Blitz June 13 Early 2023"]
[White "Bryakin, Mikhail"]
[Black "Tokman, Ariel"]
[WhiteFideId "4165314"]
[BlackFideId "117420"]
[WhiteElo "2464"]
[BlackElo "2263"]
[Result "1-0"]
[Round "5"]
[TimeControl "180+2"]
[Date "2023.06.13"]
[WhiteClock "0:02:11"]
[BlackClock "0:00:00"]
[Board "85"]

1. c4 Nf6 2. Nf3 c6 3. e3 d5 4. b3 Bg4 5. Be2 e6 6. Bb2 Nbd7 7. O-O Bd6 8. h3 Bh5 9. cxd5 exd5 10. Nd4 Bxe2 11. Qxe2 O-O 12. f4 Re8 13. Nc3 Bc5 14. Qd3 Bb6 15. b4 Nf8 16. Na4 Bc7 17. Nc5 Rb8 18. Rac1 N8d7 19. Nf5 Nxc5 20. bxc5 Re6 21. Bd4 Ne8 22. g4 Qd7 23. Kg2 Re4 24. Ng3 Re6 25. Rf3 Nf6 26. Nf5 g6 27. Nh6+ Kf8 28. f5 gxf5 29. Qxf5 1-0


[Site "https://www.chess.com"]

[Event "Titled Tuesday Blitz June 13 Early 2023"]
[White "Santos Flores, Alberto"]
[Black "Hayrapetyan, Hovik"]
[WhiteFideId "3601234"]
[BlackFideId "13302639"]
[WhiteElo "2235"]
[BlackElo "2348"]
[Result "0-1"]
[Round "5"]
[TimeControl "180+2"]
[Date "2023.06.13"]
[WhiteClock "0:00:00"]
[BlackClock "0:00:08"]
[Board "86"]

1. e4 c5 2. Nf3 d6 3. Bb5+ Nd7 4. d4 cxd4 5. Qxd4 a6 6. Bxd7+ Bxd7 7. Nc3 Nf6 8. Bg5 e6 9. O-O-O Be7 10. e5 dxe5 11. Nxe5 Bc6 12. Nxc6 bxc6 13. Qxd8+ Rxd8 14. Rxd8+ Kxd8 15. Bxf6 gxf6 16. g3 f5 17. Ne2 h5 18. h4 Bd6 19. c4 c5 20. Kd2 Ke7 21. Ke3 Be5 22. b3 a5 23. Nf4 a4 24. bxa4 Bd4+ 25. Kf3 Ra8 26. Nxh5 Rxa4 27. Nf4 Rxa2 28. Ne2 Bg7 29. h5 Bh6 30. Rh4 e5 31. Ng1 Rc2 32. Kg2 Ke6 33. Nf3 e4 34. Ne1 Rc1 35. Kf1 Bd2 36. Ke2 Bxe1 37. h6 Bc3 38. h7 Bh8 39. Rh6+ Ke7 40. Rc6 Kf8 41. Rxc5 Kg7 42. Rxf5 Rxc4 43. Ke3 f6 44. Rf4 Kxh7 45. Rxe4 Rxe4+ 46. Kxe4 Kg6 47. f4 f5+ 48. Kd5 Kh5 49. Ke6 Kg4 50. Kf7 Bc3 51. Kg6 Be1 0-1


[Site "https://www.chess.com"]

[Event "Titled Tuesday Blitz June 13 Early 2023"]
[White "Gomes, Luiz Alexandre de Souza"]
[Black "Mahdavi, Reza"]
[WhiteFideId "2102790"]
[BlackFideId "12595926"]
[WhiteElo "2507"]
[BlackElo "2395"]
[Result "0-1"]
[Round "5"]
[TimeControl "180+2"]
[Date "2023.06.13"]
[WhiteClock "0:01:47"]
[BlackClock "0:02:09"]
[Board "87"]

1. e4 c5 2. Nf3 d6 3. d4 cxd4 4. Nxd4 Nf6 5. Nc3 a6 6. Rg1 b5 7. a3 Bb7 8. Bd3 g6 9. Be3 Bg7 10. g4 O-O 11. Qd2 Nc6 12. Nxc6 Bxc6 13. O-O-O Rb8 14. h4 b4 15. axb4 Rxb4 16. h5 Qa5 17. Qe2 Rxb2 18. Kd2 Nxe4+ 0-1


[Site "https://www.chess.com"]

[Event "Titled Tuesday Blitz June 13 Early 2023"]
[White "Aradhya, Garg"]
[Black "Aarav Dengla"]
[WhiteFideId "25006746"]
[BlackFideId "45059756"]
[WhiteElo "2263"]
[BlackElo "2288"]
[Result "1-0"]
[Round "5"]
[TimeControl "180+2"]
[Date "2023.06.13"]
[WhiteClock "0:01:31"]
[BlackClock "0:00:17"]
[Board "88"]

1. d4 d5 2. c4 e6 3. Nc3 a6 4. cxd5 exd5 5. a3 h6 6. Bf4 Nf6 7. e3 c5 8. Nf3 Nc6 9. dxc5 Bxc5 10. Rc1 O-O 11. Nxd5 Nxd5 12. Rxc5 Nxf4 13. Qxd8 Rxd8 14. exf4 Bg4 15. Be2 Re8 16. Kf1 Bxf3 17. Bxf3 Nd4 18. h4 Nxf3 19. gxf3 Rad8 20. Re5 Rxe5 21. fxe5 Rd5 22. f4 Rd4 23. f5 Rf4 24. e6 Rxf5 25. exf7+ Kxf7 26. Rh3 Rb5 27. b3 Ra5 28. a4 Re5 29. Rc3 Re7 30. Kg2 Kf6 31. Kg3 Rd7 32. Rf3+ Kg6 33. Rc3 Rd4 34. f3 Rb4 35. Rd3 Kf6 36. Re3 Kf5 37. Rd3 g6 38. Rd5+ Ke6 39. Rd3 g5 40. hxg5 hxg5 41. Re3+ Kf5 42. Rd3 Ke5 43. Kf2 g4 44. Ke3 gxf3 45. Kxf3 Rh4 46. Ke2 Rh2+ 47. Kd1 Rh4 48. Kc2 Rd4 49. Re3+ Re4 50. Rc3 Kd6 51. Kd3 Rh4 52. Rc4 Rh3+ 53. Kc2 b5 54. Rc8 bxa4 55. bxa4 Ra3 56. Rc4 Kd5 57. Rh4 Kc5 58. Kb2 Rg3 59. Rh6 Kb4 60. Rxa6 Rb3+ 61. Kc2 Rc3+ 62. Kd2 Ra3 63. Rb6+ Kxa4 64. Kc2 Rh3 65. Rb8 Rh2+ 66. Kc3 Rh3+ 67. Kc4 Rh4+ 68. Kc5 Rh5+ 69. Kd4 Rh6 70. Rb1 Rh4+ 71. Ke5 Rh5+ 72. Kf4 Rh4+ 73. Kg3 Rh8 74. Rb2 Rg8+ 75. Kf4 Ka3 76. Re2 Rf8+ 77. Ke3 Kb4 78. Rb2+ Kc3 79. Rb7 Re8+ 80. Kf4 Kd4 81. Rd7+ Kc5 82. Rf7 Kd6 83. Rf6+ Re6 84. Kf5 Ke7 85. Rxe6+ 1-0


[Site "https://www.chess.com"]

[Event "Titled Tuesday Blitz June 13 Early 2023"]
[White "Kozak, Antoni"]
[Black "cristianserban1"]
[WhiteFideId "21832030"]
[WhiteElo "2470"]
[BlackElo "2499"]
[Result "0-1"]
[Round "5"]
[TimeControl "180+2"]
[Date "2023.06.13"]
[WhiteClock "0:00:04"]
[BlackClock "0:00:07"]
[Board "89"]

1. e3 d5 2. b3 Nf6 3. Bb2 c5 4. d3 Nc6 5. Nd2 e5 6. g3 Be7 7. Ne2 O-O 8. Bg2 Be6 9. h3 d4 10. Bxc6 bxc6 11. e4 Ne8 12. Nf3 Qc7 13. g4 g6 14. Ng3 Ng7 15. Rg1 Kh8 16. Qd2 f5 17. gxf5 gxf5 18. Qh6 Rf6 19. Qd2 fxe4 20. Ng5 exd3 21. N3e4 Rf4 22. O-O-O c4 23. Qxf4 exf4 24. Bxd4 Ba3+ 25. Kb1 dxc2+ 26. Kxc2 cxb3+ 27. axb3 Bf5 28. f3 h6 29. Bc3 Re8 30. Rg2 Bf8 31. Rdg1 hxg5 32. Rxg5 Bxe4+ 33. fxe4 Rxe4 34. h4 Re2+ 35. Kd3 Rh2 36. h5 Qd6+ 37. Kc4 Qe6+ 38. Kd3 Qe2+ 39. Kd4 Qe3+ 40. Kc4 Qe2+ 41. Kd4 c5+ 42. Kd5 Qe6# 0-1


[Site "https://www.chess.com"]

[Event "Titled Tuesday Blitz June 13 Early 2023"]
[White "Starozhilov, Leonid"]
[Black "Bagwe Gaurang"]
[WhiteFideId "14106752"]
[BlackFideId "45039895"]
[WhiteElo "2352"]
[BlackElo "1847"]
[Result "1-0"]
[Round "5"]
[TimeControl "180+2"]
[Date "2023.06.13"]
[WhiteClock "0:00:05"]
[BlackClock "0:00:04"]
[Board "90"]

1. e4 c5 2. Nf3 d6 3. Bb5+ Nd7 4. O-O e5 5. c3 a6 6. Bxd7+ Bxd7 7. d4 Qc7 8. dxe5 dxe5 9. c4 Nf6 10. Nc3 Be7 11. Bg5 Bc6 12. Nd5 Bxd5 13. exd5 O-O-O 14. Re1 Bd6 15. Bxf6 gxf6 16. Nh4 Rhg8 17. Qf3 e4 18. Rxe4 Bxh2+ 19. Kf1 Be5 20. Nf5 Rg5 21. Rae1 Qd7 22. Ne3 Rdg8 23. b3 h5 24. Rh4 Rh8 25. g3 Kb8 26. Ng2 Rf5 27. Qd3 Bd4 28. Nf4 Re5 29. Qf3 Rf5 30. Kg2 Re5 31. Reh1 Rhe8 32. Rxh5 f5 33. Rh8 Ka7 34. Rxe8 Rxe8 35. Rh5 Re4 36. Ne2 Qe7 37. Nf4 Qe5 38. Nh3 Re2 39. Rxf5 Qe7 40. d6 Qd7 41. Rxf7 Qe8 42. Qxb7# 1-0


[Site "https://www.chess.com"]

[Event "Titled Tuesday Blitz June 13 Early 2023"]
[White "Djordjevic, Vuk"]
[Black "Petukhov, Dmitry"]
[WhiteFideId "902098"]
[BlackFideId "4142748"]
[WhiteElo "2463"]
[BlackElo "2311"]
[Result "1-0"]
[Round "5"]
[TimeControl "180+2"]
[Date "2023.06.13"]
[WhiteClock "0:00:05"]
[BlackClock "0:00:12"]
[Board "91"]

1. d4 Nf6 2. Bg5 Ne4 3. Bf4 d5 4. e3 Bf5 5. f3 Nf6 6. c4 e6 7. Nc3 Bb4 8. g4 Bg6 9. h4 h6 10. h5 Bh7 11. g5 hxg5 12. Bxg5 Nbd7 13. cxd5 exd5 14. h6 gxh6 15. Rxh6 Rg8 16. Nh3 Bf5 17. f4 Qe7 18. Bd3 Qxe3+ 19. Qe2 Qxe2+ 20. Kxe2 Bxd3+ 21. Kxd3 Bxc3 22. bxc3 Ne4 23. Re1 f6 24. c4 O-O-O 25. cxd5 Nd6 26. Rxf6 Nxf6 27. Bxf6 Rg3+ 28. Re3 Rdg8 29. Ng5 Rxe3+ 30. Kxe3 Re8+ 31. Be5 Kd7 32. Kf3 b5 33. Ne6 b4 34. Nc5+ Kc8 35. Na6 b3 36. axb3 Rg8 37. Kf2 Rg4 38. Nc5 Rh4 39. Ne6 Rh2+ 40. Kf3 Rb2 41. Nc5 Nb7 42. f5 Nxc5 43. dxc5 Rxb3+ 44. Ke4 a5 45. f6 Kd7 46. c6+ Ke8 47. Bxc7 a4 48. Bd6 a3 49. c7 Kd7 50. f7 a2 51. f8=Q a1=Q 52. Qe7+ Kc8 53. Qd8+ Kb7 54. c8=Q+ Ka7 55. Qa8# 1-0


[Site "https://www.chess.com"]